Map: Odyssey LE

Players

Hatef

  • Race: Protoss Protoss
  • League: Diamond
  • Spawn Location: 5:00

rafapras - Winner!

  • Race: Protoss Protoss
  • League: Diamond
  • Spawn Location: 11:00

VOD

Have the link to the VOD?

Description

Time

  • Played on: Dec. 2, 2017, 10:18 a.m.
  • Length: 15:29
Show
View Real Time Build Order
Export as new Build Order

Hatef Protoss 

Build Orders: 1 Gate Expand 

Get SALT Encoding   

  12  0:01  Probe  
  13  0:18  Probe, Pylon  
  14  0:30  Probe  
  15  0:42  Probe  
  16  0:44  Gateway  
  16  0:50  Assimilator  
  16  0:54  Probe  
  17  1:06  Probe  
  18  1:18  Probe  
  19  1:31  Probe  
  20  1:34  Nexus  
  20  1:50  Cybernetics Core  
  20  1:53  Probe  
  21  1:54  Pylon  
  21  2:06  Probe, Pylon  
  22  2:18  Probe  
  23  2:22  Assimilator  
  23  2:27  Adept (Chrono Boost)  
  23  2:28  Warp Gate  
  25  2:30  Probe  
  26  2:45  Probe  
  27  2:52  Probe  
  27  2:54  Stalker  
  30  3:04  Probe, Stargate  
  31  3:06  Probe, Pylon  
  32  3:17  Probe  
  32  3:18  Probe  
  34  3:30  Probe  
  35  3:38  Probe  
  35  3:40  Shield Battery  
  34  3:42  Probe  
  34  3:46  Gateway  
  34  3:48  Gateway  
  35  3:50  Probe  
  36  3:58  Probe  
  36  4:02  Probe  
  38  4:04  Assimilator  
  38  4:05  Void Ray (Chrono Boost)  
  42  4:11  Probe  
  45  4:19  Probe (Chrono Boost), Forge  
  48  4:31  Probe x2 (Chrono Boost)  
  48  4:33  Pylon  
  48  4:36  Probe x2 (Chrono Boost), Shield Battery  
  48  4:45  Probe  
  48  4:46  Stalker  
  48  4:47  Stalker  
  48  4:48  Probe  
  57  4:53  Stalker  
  57  4:56  Oracle  
  57  4:57  Protoss Ground Weapons Level 1 (Chrono Boost)  
  59  5:04  Probe  
  60  5:09  Photon Cannon, Probe  
  60  5:13  Twilight Council  
  61  5:16  Probe  
  61  5:17  Assimilator  
  62  5:21  Sentry x2, Probe  
  62  5:23  Stalker  
  61  6:18  Void Ray  
  59  6:22  Shield Battery  
  63  6:28  Probe  
  63  6:31  Charge (Chrono Boost)  
  64  6:33  Gateway  
  64  6:34  Dark Shrine  
  64  6:35  Nexus  
  64  6:36  Gateway  
  64  6:37  Gateway, Pylon  
  64  6:38  Gateway  
  64  6:39  Probe  
  65  6:40  Probe, Pylon  
  65  6:41  Protoss Ground Weapons Level 2 (Chrono Boost)  
  65  6:42  Gateway x2  
  65  6:44  Pylon  
  66  6:50  Sentry x2  
  70  6:55  Probe  
  71  7:09  Void Ray  
  75  7:30  Stalker  
  75  7:31  Stalker x2  
  81  7:39  Zealot x3  
  81  7:40  Zealot x3  
  93  7:46  Nexus  
  93  7:47  Probe  
  93  7:50  Pylon  
  93  7:51  Photon Cannon  
  94  7:56  Zealot x3  
  82  8:16  Zealot x5  
  82  8:17  Zealot  
  90  8:27  Dark Templar x2  
  94  8:35  Probe  
  94  8:40  Assimilator  
  95  8:43  Assimilator  
  95  8:47  Probe  
  96  8:57  Protoss Ground Weapons Level 3 (Chrono Boost)  
  96  8:59  Probe  
  96  9:00  Void Ray  
  97  9:05  Probe  
  98  9:10  Photon Cannon  
  98  9:11  Photon Cannon, Probe  
  99  9:17  Templar Archives  
  100  9:24  Probe (Chrono Boost), Shield Battery  
  103  9:33  Probe (Chrono Boost)  
  103  9:34  Probe x2 (Chrono Boost)  
  103  9:38  Probe  
  103  9:39  Probe  
  105  9:50  Probe  
  105  9:51  Probe  
  107  9:53  Probe  
  107  9:57  Shield Battery  
  107  9:58  Assimilator  
  108  10:00  High Templar x3  
  108  10:01  High Templar x3  
  108  10:02  High Templar, Probe  
  108  10:05  Probe  
  108  10:06  Archon  
  108  10:07  Archon x2  
  124  10:11  Dark Templar  
  121  10:24  Probe  
  121  10:28  Dark Templar x2  
  100  10:30  Void Ray (Chrono Boost)  
  100  10:35  Zealot x3  
  107  10:36  Probe, Zealot x3  
  107  10:37  Zealot  
  96  10:45  Photon Cannon  
  96  10:48  Probe  
  69  11:01  Shield Battery, Stalker  
  69  11:02  Stalker x2  
  69  11:04  Stalker x5  
  77  11:05  Sentry, Shield Battery  
  81  11:24  Gateway x2  
  81  11:26  Gateway  
  81  11:29  Gateway x2  
  81  11:32  Gateway  
  81  11:35  High Templar x2  
  81  11:38  Zealot, Stalker x2  
  81  11:39  Zealot x4  
  99  11:40  Archon  
  99  11:45  Probe  
  100  11:53  Protoss Ground Armor Level 1  
  85  12:03  Zealot  
  85  12:07  Pylon  
  85  12:09  Pylon  
  85  12:10  Pylon  
  85  12:11  Pylon  
  83  12:21  Probe  
  77  12:29  Dark Templar  
  79  12:33  Probe  
  79  12:34  Nexus  
  80  12:39  Dark Templar  
  82  12:52  High Templar  
  82  12:53  High Templar x3  
  90  12:58  Archon  
  90  13:14  Stalker x2  
  90  13:15  Stalker  
  94  13:26  Void Ray  
  96  13:42  Zealot x2  
  96  13:43  Zealot x3  
  106  13:48  High Templar  
  106  13:49  High Templar  
  106  13:53  Archon  
  110  14:00  Pylon  
  110  14:02  Pylon  
Show
View Real Time Build Order
Export as new Build Order

rafapras Protoss - Winner!

Build Orders:  

Get SALT Encoding   

  12  0:02  Probe  
  13  0:14  Probe  
  14  0:17  Pylon  
  14  0:26  Probe  
  15  0:38  Probe  
  15  0:41  Gateway  
  16  0:47  Assimilator  
  16  0:50  Probe  
  17  1:02  Probe  
  18  1:06  Assimilator  
  18  1:11  Gateway  
  18  1:14  Probe  
  19  1:27  Probe  
  19  1:30  Cybernetics Core  
  20  1:39  Probe  
  21  1:51  Probe  
  21  1:53  Pylon  
  22  2:03  Probe  
  23  2:11  Warp Gate (Chrono Boost), Stalker x2  
  27  2:22  Shield Battery  
  27  2:41  Adept, Stalker  
  31  3:02  Nexus  
  31  3:11  Pylon  
  31  3:25  Robotics Facility  
  31  3:38  Probe  
  32  3:50  Probe  
  33  4:02  Probe (Chrono Boost)  
  34  4:09  Twilight Council  
  35  4:13  Probe (Chrono Boost)  
  35  4:14  Forge  
  35  4:16  Observer (Chrono Boost)  
  37  4:20  Probe (Chrono Boost)  
  37  4:22  Probe (Chrono Boost)  
  38  4:27  Immortal  
  38  4:28  Shield Battery  
  44  4:33  Probe x2 (Chrono Boost)  
  44  4:39  Probe  
  44  4:41  Probe  
  44  4:44  Stalker  
  48  4:47  Charge  
  48  4:51  Probe  
  49  4:53  Protoss Ground Weapons Level 1  
  49  4:54  Probe  
  50  5:00  Pylon  
  50  5:03  Probe  
  50  5:06  Probe  
  52  5:10  Warp Prism (Chrono Boost)  
  54  5:18  Probe x2  
  56  5:30  Probe x2  
  56  5:31  Pylon  
  58  5:36  Immortal  
  58  5:42  Gateway  
  62  5:44  Gateway  
  62  5:53  Stalker x2  
  60  6:18  Immortal (Chrono Boost)  
  64  6:23  Pylon  
  64  6:24  Pylon  
  64  6:31  Gateway  
  64  6:32  Gateway  
  64  6:35  Assimilator  
  64  6:37  Assimilator  
  64  6:38  Pylon  
  64  6:40  Pylon  
  64  6:42  Pylon  
  64  6:51  Templar Archives, Warp Prism (Chrono Boost)  
  66  6:54  Protoss Ground Weapons Level 2 (Chrono Boost)  
  66  6:58  Stalker x2  
  70  7:05  Zealot x2  
  70  7:06  Probe x2  
  75  7:18  Probe x2  
  77  7:42  High Templar  
  77  7:43  High Templar x2  
  77  7:44  High Templar, Zealot x2  
  89  8:01  Gateway  
  89  8:04  Gateway  
  85  8:09  Archon x2  
  69  8:13  Zealot x2  
  67  8:22  Nexus  
  67  8:25  Immortal (Chrono Boost)  
  67  8:27  Zealot x5  
  73  8:28  Zealot  
  79  8:47  High Templar x2  
  79  8:48  High Templar x2  
  81  8:49  Zealot  
  81  8:50  Zealot  
  86  8:55  Archon  
  86  8:56  Archon  
  86  9:08  Zealot x2  
  90  9:16  Zealot x2  
  94  9:21  Protoss Ground Weapons Level 3 (Chrono Boost)  
  94  9:33  Zealot  
  94  9:34  Zealot x5  
  94  9:36  Nexus  
  94  9:37  Zealot x2  
  110  9:39  Pylon  
  110  9:41  Pylon  
  110  9:47  Probe  
  110  9:57  Immortal  
  114  10:05  Probe x2  
  106  10:34  Zealot x5  
  106  10:35  Zealot x3  
  122  10:39  Probe  
  109  10:59  Warp Prism (Chrono Boost)  
  111  11:05  Stalker x2  
  111  11:06  Zealot x3  
  111  11:07  Probe x3  
  120  11:19  Probe x2  
  122  11:30  Probe  
  122  11:31  Probe x2  
  125  11:33  Immortal  
  129  11:42  Probe  
  129  11:43  Probe x2  
  129  11:46  Assimilator  
  132  11:48  Protoss Ground Armor Level 1 (Chrono Boost), Assimilator  
  132  11:49  High Templar x3  
  132  11:50  High Templar  
  140  11:59  Stalker  
  138  12:16  Pylon  
  138  12:18  Pylon  
  138  12:20  Probe  
  125  12:24  Probe x2  
  127  12:35  Zealot x3  
  127  12:36  High Templar x2, Zealot  
  139  12:37  High Templar x2  
  143  12:45  Forge  
  143  12:47  Stargate  
  143  12:50  Archon  
  143  12:51  Archon x3  
  139  13:24  Immortal  
  139  13:43  Probe  
  140  13:56  Void Ray  
  140  13:58  Fleet Beacon  
  144  14:03  Stargate  
  144  14:05  Zealot x4  
  144  14:06  Zealot  
  154  14:13  Photon Cannon  
  154  14:26  Photon Cannon  
  154  14:30  Pylon  
  154  14:31  Pylon  
  154  14:33  Pylon  
  154  14:39  Photon Cannon  
  154  14:41  Nexus  
  154  14:42  Pylon  
  143  14:47  Stalker x3  
  108  15:14  Zealot x4  
  108  15:15  Zealot  
  108  15:16  High Templar x3  
Tags
 
Matchup
PvP
Spawn Locations
Cross Positions
Add a new tag
Caveats
  • Supply blocks, unpowered buildings, or Contaminate may cause inaccurate times.
  • Supply counts are checked every 10 seconds.